 Dungeon Crawl Stone Soup version 0.29.1-1-gd02db6906a (webtiles) character file.

Game seed: 1069755262555884653

24291 Ashen the Fighter (level 12, -8/96 HPs)
             Began as a Demonspawn Ice Elementalist on Sept 24, 2022.
             Was a High Priest of Vehumet.
             Killed by divine providence
             ... invoked by Saint Roka
              (11 damage)
             ... on level 2 of the Orcish Mines.
             The game lasted 00:55:18 (16052 turns).

Ashen the Fighter (Demonspawn Ice Elementalist)    Turns: 16052, Time: 00:55:19

Health: -8/96      AC: 18    Str: 10    XL:     12   Next: 79%
Magic:  18/24      EV: 34    Int: 26    God:    Vehumet [*****.]
Gold:   452        SH:  4    Dex: 26    Spells: 8/28 levels left

rFire   x . .      SeeInvis .   N - +1 dagger (elec)
rCold   + . .      Faith    .   (no shield)
rNeg    . . .      Spirit   .   d - +0 leather armour
rPois   .          Reflect  .   j - +0 helmet
rElec   .          Harm     .   A - +0 cloak
rCorr   .          Rampage  .   J - +1 pair of gloves
Will    .....                   (no boots)
Stlth   ++++......              R - amulet of the acrobat
HPRegen 0.26/turn               F - ring "Raefag" {Ice Dex+7 Stlth+}
MPRegen 0.19/turn               p - ring "Joaffux" {Int+6 Dex+5}

@: acrobatic
A: slimy green scales 2, icemail 2, powered by pain 2, condensation shield,
weakness stinger 2
a: Renounce Religion


You were on level 2 of the Orcish Mines.
You worshipped Vehumet.
Vehumet was extremely pleased with you.
You visited 3 branches of the dungeon, and saw 15 of its levels.
You also visited: Bailey.

You collected 1576 gold pieces.
You spent 1124 gold pieces at shops.

Inventory:

Hand Weapons
 v - a +1 dagger of venom
 x - the +9 hand axe of Semyepp {vorpal, Int+5 Stlth+}
   (You found it on level 5 of the Dungeon)

   It inflicts extra damage upon your enemies.
   Int:       It affects your intelligence (+5).
   Stlth:     It makes you more stealthy.
 B - a +4 executioner's axe
 E - a +0 long sword of freezing
 L - a +7 flail of freezing
 N - a +1 dagger of electrocution (weapon)
 O - a +0 dagger of distortion
Missiles
 a - 5 curare-tipped darts
 s - 36 poisoned darts (quivered)
 t - 6 datura-tipped darts
 D - 3 javelins
 X - 6 atropa-tipped darts
Armour
 d - a +0 leather armour (worn)
 j - a +0 helmet (worn)
 A - a +0 cloak (worn)
 J - a +1 pair of gloves (worn)
 M - +2 pearl dragon scales
Jewellery
 p - the ring "Joaffux" (right hand) {Int+6 Dex+5}
   (You found it on level 10 of the Dungeon)

   [ring of intelligence]

   Int:       It affects your intelligence (+6).
   Dex:       It affects your dexterity (+5).
 y - a ring of resist corrosion
 F - the ring "Raefag" (left hand) {Ice Dex+7 Stlth+}
   (You found it on level 6 of the Dungeon)

   [ring of ice]

   It enhances your ice magic.
   Dex:       It affects your dexterity (+7).
   rF:        It makes you vulnerable to fire.
   rC:        It protects you from cold.
   Stlth:     It makes you more stealthy.
 R - an amulet of the acrobat (around neck)
Wands
 o - a wand of flame (20)
 I - a wand of quicksilver (5)
 S - a wand of paralysis (2)
Scrolls
 f - 2 scrolls of amnesia
 g - 7 scrolls of teleportation
 k - 2 scrolls of brand weapon
 l - a scroll of fog
 r - a scroll of enchant weapon
 z - a scroll of enchant armour
 C - 3 scrolls of blinking
 G - 2 scrolls of poison
 K - 2 scrolls of acquirement
 P - a scroll of vulnerability
 U - a scroll of fear
 Y - 2 scrolls of immolation
Potions
 b - a potion of magic
 c - 6 potions of curing
 e - 5 potions of might
 h - 2 potions of brilliance
 m - a potion of ambrosia
 n - 2 potions of resistance
 q - 2 potions of invisibility
 u - 3 potions of heal wounds
 w - 6 potions of mutation
 H - a potion of cancellation
 Q - 3 potions of haste
 T - 3 potions of lignification
 V - 3 potions of attraction
 Z - 2 potions of berserk rage
Miscellaneous
 i - a lightning rod (2/4)
 W - a piece from Xom's chessboard (15/15)


   Skills:
 + Level 9.4 Fighting
 + Level 8.9 Dodging
 - Level 5.0 Stealth
 + Level 8.9 Spellcasting
 + Level 8.8 Conjurations
 + Level 9.4 Ice Magic
 - Level 5.0 Air Magic


You had 8 spell levels left.
You knew the following spells:

 Your Spells              Type           Power      Damage    Failure   Level
a - Freeze                Ice            100%       1d11      1%          1
b - Frozen Ramparts       Ice            100%       1d16      1%          3
c - Ozocubu's Armour      Ice            74%        N/A       1%          3
d - Hailstorm             Conj/Ice       73%        3d15      1%          4
e - Freezing Cloud        Conj/Ice/Air   33%        6-21      2%          5
f - Iskenderun's Mystic   Conj/Tloc      34%        2d8       3%          4

Your spell library contained the following spells:

 Spells                   Type           Power      Damage    Failure   Level
 Foxfire                  Conj/Fire      100%       2x1d9     1%          1
 Poisonous Vapours        Pois/Air       48%        N/A       1%          2
 Conjure Flame            Conj/Fire      34%        6-21      1%          3
 Mephitic Cloud           Conj/Pois/Air  35%        N/A       1%          3
 Flame Wave               Conj/Fire      34%        2d10      3%          4
 Sticky Flame             Conj/Fire      34%        2d5       3%          4
 Ignite Poison            Fire/Tmut/Pois 11%        N/A       6%          3
 Inner Flame              Hex/Fire       11%        N/A       6%          3
 Apportation              Tloc           22%        N/A       7%          1
 Sting                    Tmut/Pois      44%        1d5       7%          1
 Ice Form                 Ice/Tmut       52%        N/A       10%         4
 Summon Ice Beast         Ice/Summ       52%        N/A       10%         4
 Olgreb's Toxic Radiance  Pois           11%        N/A       17%         4
 Gell's Gravitas          Tloc           11%        N/A       22%         3
 Lesser Beckoning         Tloc           11%        N/A       22%         3
 Teleport Other           Tloc           11%        N/A       22%         3
 Simulacrum               Ice/Necr       26%        N/A       83%         6
 Alistair's Intoxication  Tmut/Pois      7%         N/A       89%         5
 Dispersal                Tloc           5%         N/A       100%        6


Dungeon Overview and Level Annotations

Branches:
Dungeon (12/15)            Temple (1/1) D:4            Lair (0/5) D:8
    Orc (2/2) D:12         Bailey (visited)
    Elf: Orc:2

Altars:
Ashenzari
Cheibriados
Dithmenos
Fedhas
Gozag
Hepliaklqana
Kikubaaqudgha
Makhleb
Nemelex Xobeh
Okawaru
Qazlal
Ru
Sif Muna
Trog
Uskayaw
Vehumet
Wu Jian
Xom
Yredelemnul

Shops:
D:3 =   Orc:1 ?[(   Orc:2 (

Annotations:
D:10 2 transporters, 4 runed translucent doors, EvilAshe's ghost, journeyman HuFi; PanSaczeczos's ghost, journeyman SpEn
Orc:1 Erolcha
Orc:2 2 transporters, Saint Roka; diceflayer's ghost, journeyman DsFi


Innate Abilities, Weirdness & Mutations

You are mostly covered in slimy green scales. (AC +3)
A meltable icy envelope protects you from harm. (AC +8)
You sometimes gain power by taking damage.
A meltable shield of frost defends you. (SH +4)
You have a tail ending in a sharp stinger.


Message History

You focus on the pain.
You feel your power returning.
Unknown command.
Blink to where?
Press: ? - help, Dir - move target Your frozen ramparts will break if you move.
Continue?
The frozen ramparts melt away as you move.
As you read the scroll of blinking, it crumbles to dust.
The orc sorcerer points at you and mumbles some strange words.
The bolt of negative energy hits you!!
You feel drained.
* * * LOW HITPOINT WARNING * * *
You focus on the pain.
You feel your power returning.
Casting: Hailstorm (safe; 1% risk of failure)
Confirm with . or Enter, or press ? or * to list all spells.
Aiming: Freezing Cloud (dangerous; 2% risk of failure)
Press: ? - help, Dir - move target, f - orc sorcerer
Aim: an orc sorcerer, wielding a +0 dagger and wearing a +2 robe of willpower (severely wounded, strong)
You feel a surge of power!
The orc sorcerer is engulfed in freezing vapours.
The orc sorcerer points at you and mumbles some strange words.
The bolt of negative energy misses you.
Casting: Freezing Cloud (dangerous; 2% risk of failure)
Confirm with . or Enter, or press ? or * to list all spells.
Aiming: Freezing Cloud (dangerous; 2% risk of failure)
Press: ? - help, Dir - move target, p - orc sorcerer You feel a surge of power!
The orc sorcerer is engulfed in freezing vapours.
You kill the orc sorcerer!
Vehumet accepts your kill.
You feel your power returning.
Saint Roka is engulfed in freezing vapours.
Your piece from Xom's chessboard (15/15) has regained one charge.
Your life force feels restored.
Saint Roka is engulfed in freezing vapours.
Saint Roka invokes the aid of Beogh against you.
Beogh smites you!
* * * LOW HITPOINT WARNING * * *
Saint Roka is engulfed in freezing vapours.
Saint Roka invokes the aid of Beogh against you.
Beogh smites you!
You die...

............................##
......#......................#
.........................#..##
.............#...#...§..#####
..............#.#....§§§§###
.............))∩......§§§..##
..............#.#.....§o§...##
.............#...#...§§§§#.#.##
...).#....<.....@.o...☼§§##...#
........................#.)..##
..)......................)).##
.......................).)###
........................)..###
........................#..#..#
.....................#..)......
...............................
.............................o#


You could see Saint Roka and an orc warrior (strong).

Vanquished Creatures
  An orc warlord (Bailey)
  2 boulder beetles (D:11)
  A hydra (D:12)
  Erica (Orc:1)
  4 two-headed ogres
  An orc high priest (Orc:1)
  Sonja (Orc:1)
  An orc knight (Orc:2)
  3 manticores (D:12)
  An ugly thing (D:11)
  A cyclops (D:12)
  3 orc sorcerers (Orc:2)
  Joseph (D:10)
  Maurice (D:11)
  A gargoyle (D:12)
  A komodo dragon (D:11)
  2 kobold demonologists
  6 trolls
  Prince Ribbit (D:6)
  A hornet (D:9)
  Grinder (D:6)
  A shadow (D:12)
  A wraith (D:12)
  2 vampires
  3 wyverns
  26 yaks
  A steam dragon (D:7)
  A warg (Orc:2)
  Menkaure (D:7)
  A water moccasin (D:9)
  18 orc warriors
  An ice beast (D:7)
  A black bear (D:4)
  4 ogres
  6 centaurs
  2 phantoms
  4 kobold brigands
  A necrophage (D:7)
  2 bullfrogs
  3 wights (D:8)
  7 killer bees
  3 howler monkeys
  2 centaur zombies (D:10)
  A jelly (D:8)
  10 orc priests
  4 hounds
  Crazy Yiuf (D:6)
  4 iguanas
  12 orc wizards
  3 gnolls (D:5)
  4 adders
  An ufetubus (D:4)
  3 dart slugs (D:1)
  69 orcs
  7 bats
  6 endoplasms
  2 giant cockroaches
  11 goblins
  6 hobgoblins
  32 kobolds
  A quokka (D:5)
  7 ball pythons
  4 frilled lizards
  5 rats
319 creatures vanquished.

Vanquished Creatures (others)
  35 plants (D:1)
35 creatures vanquished.

Grand Total: 354 creatures vanquished

Notes
Turn   | Place    | Note
-------+----------+-------------------------------------------
     0 | D:1      | Ashen the Demonspawn Ice Elementalist began the quest for
                  | the Orb.
     0 | D:1      | Reached XP level 1. HP: 13/13 MP: 3/3
   305 | D:1      | Gained mutation: You are partially covered in slimy green
                  | scales. (AC +2) [demonic ancestry]
   305 | D:1      | Reached XP level 2. HP: 17/20 MP: 0/5
   499 | D:1      | Found a faded altar of an unknown god.
  1250 | D:2      | Gained mutation: You are mostly covered in slimy green
                  | scales. (AC +3) [demonic ancestry]
  1250 | D:2      | Reached XP level 3. HP: 25/25 MP: 6/6
  1254 | D:2      | Learned a level 3 spell: Frozen Ramparts
  1321 | D:2      | Reached skill level 1 in Fighting
  1686 | D:2      | Gained mutation: A meltable shield of frost defends you.
                  | (SH +4) [demonic ancestry]
  1686 | D:2      | Reached XP level 4. HP: 32/32 MP: 7/7
  1702 | D:2      | Found Feaciawn's Distillery.
  1707 | D:2      | Bought a potion of lignification for 39 gold pieces
  2503 | D:3      | Found Umawna's Jewellery Emporium.
  3339 | D:4      | Noticed a phantom
  3475 | D:4      | Found a staircase to the Ecumenical Temple.
  3484 | Temple   | Entered the Ecumenical Temple
  3658 | Temple   | Became a worshipper of Vehumet
  3736 | D:4      | Gained mutation: You have a small tail. [demonic ancestry]
  3736 | D:4      | Reached XP level 5. HP: 22/38 MP: 9/9
  3772 | D:4      | Killed a phantom
  4249 | D:4      | Noticed a black bear
  4280 | D:4      | Gained mutation: You sometimes gain a little power by
                  | taking damage. [demonic ancestry]
  4280 | D:4      | Reached XP level 6. HP: 33/44 MP: 10/10
  4293 | D:4      | Learned a level 3 spell: Ozocubu's Armour
  4298 | D:4      | Learned a level 4 spell: Hailstorm
  4548 | D:5      | Entered Level 5 of the Dungeon
  4626 | D:5      | Noticed a wyvern
  4637 | D:5      | Killed a wyvern
  4638 | D:5      | Reached XP level 7. HP: 35/51 MP: 6/12
  4733 | D:5      | Identified the +9 hand axe of Semyepp {vorpal, Int+5
                  | Stlth+}
  4806 | D:5      | Reached skill level 1 in Conjurations
  5094 | D:5      | You fall into a shaft and drop 1 floor!
  5098 | D:6      | Noticed Grinder
  5131 | D:6      | Paralysed by Grinder for 4 turns
  5140 | D:6      | Killed Grinder
  5141 | D:6      | Reached skill level 5 in Ice Magic
  5356 | D:6      | Found a runed translucent door.
  5357 | D:6      | Noticed Crazy Yiuf
  5413 | D:6      | Killed Crazy Yiuf
  5486 | D:6      | Noticed Prince Ribbit
  5510 | D:6      | Killed Prince Ribbit
  5511 | D:6      | Gained mutation: A meltable icy envelope protects you from
                  | harm. (AC +8) [demonic ancestry]
  5511 | D:6      | Reached XP level 8. HP: 18/60 MP: 12/14
  6060 | D:6      | Identified the ring "Raefag" {Ice Dex+7 Stlth+}
  6580 | D:7      | Reached * piety under Vehumet
  6580 | D:7      | Offered knowledge of Sandblast by Vehumet.
  6587 | D:7      | Learned a level 5 spell: Freezing Cloud
  6826 | D:7      | Reached skill level 5 in Stealth
  6849 | D:7      | Noticed Menkaure
  6860 | D:7      | Reached skill level 1 in Air Magic
  7571 | D:7      | Gained mutation: You sometimes gain power by taking damage.
                  | [demonic ancestry]
  7571 | D:7      | Reached XP level 9. HP: 66/66 MP: 13/16
  7813 | D:8      | Reached skill level 5 in Fighting
  7813 | D:8      | Reached skill level 5 in Dodging
  7813 | D:8      | Reached skill level 5 in Spellcasting
  8199 | D:8      | Offered knowledge of Static Discharge by Vehumet.
  8280 | D:8      | Reached ** piety under Vehumet
  8483 | D:8      | Found a staircase to the Lair.
  8774 | D:8      | Found a stormy altar of Qazlal.
  8775 | D:8      | Found a hazy altar of Hepliaklqana.
  8776 | D:8      | Found an opulent altar of Gozag.
  9080 | D:9      | Noticed a troll
  9092 | D:9      | Reached skill level 5 in Conjurations
  9092 | D:9      | Gained mutation: A meltable icy envelope protects you from
                  | harm. (AC +8) [demonic ancestry]
  9092 | D:9      | Reached XP level 10. HP: 65/76 MP: 18/18
  9179 | D:9      | Identified a scroll of acquirement
  9185 | D:9      | Offered knowledge of Dazzling Flash by Vehumet.
  9569 | D:10     | Entered Level 10 of the Dungeon
  9670 | D:10     | Found a flagged portal.
  9716 | D:10     | Identified the ring "Joaffux" {Int+6 Dex+5}
  9745 | Bailey   | Entered a bailey
  9750 | Bailey   | Noticed an orc warlord
  9778 | Bailey   | Reached *** piety under Vehumet
  9860 | Bailey   | Found a runed translucent gate.
  9861 | Bailey   | Found a runed translucent gate.
  9862 | Bailey   | Found a runed translucent gate.
 10204 | Bailey   | Killed an orc warlord
 10512 | D:10     | Noticed a two-headed ogre
 10534 | D:10     | Killed a two-headed ogre
 10534 | D:10     | Offered knowledge of Fulminant Prism by Vehumet.
 10535 | D:10     | Reached XP level 11. HP: 70/84 MP: 21/21
 10776 | D:10     | Found a transporter.
 10785 | D:10     | Noticed PanSaczeczos's ghost (journeyman SpEn)
 10819 | D:10     | Found a transporter.
 10833 | D:10     | Identified the +12 arbalest "Yme Qose" {freeze, rElec
                  | rPois}
 10880 | D:10     | Found a runed translucent gate.
 10880 | D:10     | Found a runed translucent gate.
 10880 | D:10     | Found a runed translucent gate.
 10880 | D:10     | Noticed EvilAshe's ghost (journeyman HuFi)
 10882 | D:10     | Found a basalt altar of Yredelemnul.
 10933 | D:10     | Reached skill level 5 in Air Magic
 11285 | D:10     | Noticed Joseph
 11297 | D:10     | Killed Joseph
 11344 | D:10     | Found a runed translucent door.
 11350 | D:10     | Noticed a fire crab
 11696 | D:11     | Reached **** piety under Vehumet
 12035 | D:11     | Noticed a boulder beetle
 12045 | D:11     | Killed a boulder beetle
 12045 | D:11     | Offered knowledge of Fireball by Vehumet.
 12203 | D:11     | Noticed a two-headed ogre
 12224 | D:11     | Killed a two-headed ogre
 12414 | D:11     | Noticed a boulder beetle
 12441 | D:11     | Killed a boulder beetle
 12542 | D:11     | Noticed a white ugly thing
 12573 | D:11     | Noticed Maurice
 12581 | D:11     | Killed Maurice
 13138 | D:12     | Noticed an eight-headed hydra
 13162 | D:12     | Noticed a two-headed ogre
 13163 | D:12     | Killed an eight-headed hydra
 13167 | D:12     | Killed a two-headed ogre
 13168 | D:12     | Gained mutation: You have a tail ending in a sharp stinger.
                  | [demonic ancestry]
 13168 | D:12     | Reached XP level 12. HP: 67/94 MP: 8/23
 14173 | D:12     | Found a staircase to the Orcish Mines.
 14279 | Orc:1    | Entered Level 1 of the Orcish Mines
 14279 | Orc:1    | Noticed Sonja
 14279 | Orc:1    | Found Pefix's Weapon Boutique.
 14282 | Orc:1    | Killed Sonja
 14373 | Orc:1    | Noticed Erica
 14379 | Orc:1    | Found Vuem's Magic Scroll Shop.
 14385 | Orc:1    | Killed Erica
 14450 | Orc:1    | Noticed Erolcha
 14477 | Orc:1    | Bought a scroll of blinking for 112 gold pieces
 14477 | Orc:1    | Bought a scroll of identify for 30 gold pieces
 14477 | Orc:1    | Bought a scroll of identify for 30 gold pieces
 14477 | Orc:1    | Bought a scroll of blinking for 112 gold pieces
 14479 | Orc:1    | Bought a scroll of immolation for 60 gold pieces
 14479 | Orc:1    | Bought a scroll of immolation for 60 gold pieces
 14508 | Orc:1    | Noticed an orc high priest
 14513 | Orc:1    | Found Voif's Antique Armour Shop.
 14515 | Orc:1    | Killed an orc high priest
 14537 | Orc:1    | Reached ***** piety under Vehumet
 14540 | Orc:1    | Found Ovogg's Magic Scroll Shop.
 14721 | D:7      | Killed Menkaure
 14721 | D:7      | Offered knowledge of Iskenderun's Mystic Blast by Vehumet.
 14727 | D:7      | Learned a level 4 spell: Iskenderun's Mystic Blast
 14833 | D:2      | Bought a potion of curing for 39 gold pieces
 14833 | D:2      | Bought a potion of invisibility for 104 gold pieces
 14833 | D:2      | Bought a potion of curing for 39 gold pieces
 14833 | D:2      | Bought a potion of haste for 130 gold pieces
 14833 | D:2      | Bought a potion of curing for 39 gold pieces
 14833 | D:2      | Bought 2 potions of berserk rage for 130 gold pieces
 14833 | D:2      | Bought a potion of heal wounds for 65 gold pieces
 15132 | Orc:1    | Bought a scroll of teleportation for 45 gold pieces
 15132 | Orc:1    | Bought a scroll of teleportation for 45 gold pieces
 15132 | Orc:1    | Bought a scroll of teleportation for 45 gold pieces
 15357 | Orc:2    | Entered Level 2 of the Orcish Mines
 15357 | Orc:2    | Found a transporter.
 15360 | Orc:2    | Noticed diceflayer's ghost (journeyman DsFi)
 15364 | Orc:2    | Noticed a two-headed ogre
 15377 | Orc:2    | Noticed a two-headed ogre
 15383 | Orc:2    | Killed a two-headed ogre
 15525 | Orc:2    | Noticed Saint Roka
 15542 | Orc:2    | Noticed a two-headed ogre
 15546 | Orc:2    | Found a transporter.
 15772 | Orc:2    | Found Epha's Antique Weapon Shoppe.
 16051 | Orc:2    | HP: 3/96 [Saint Roka/divine providence (12)]
 16052 | Orc:2    | Killed from afar by Saint Roka

Illustrated notes

Levels and vault maps discovered:
D:1:      dpeg_arrival_court, layout_loops_ring,
          hellmonk_ecumenical_altar_crossroads, chequers_serial_rivers_room_a,
          chequers_arboretum, serial_bayou_lagoon_a
D:2:      layout_loops_ring, serial_shops, nicolae_shop_trees
D:3:      layout_loops_ring, serial_shops, nicolae_shop_behind_doors,
          minmay_tree_intersection, minmay_box_of_dots
D:4:      layout_basic, minmay_temple_entry_waves
D:5:      layout_loops_ring
D:6:      layout_basic, uniq_prince_ribbit1, uniq_grinder,
          uniq_crazy_yiuf_cottage
D:7:      layout_basic, uniq_menkaure
D:8:      layout_basic, minitemple, dpeg_oklobed_lair, minmay_orc_keep
D:9:      layout_roguey
D:10:     gammafunk_mikee_crab_dinner, layout_basic,
          nicolae_yredelemnul_ghost_church, enter_bailey_3,
          gammafunk_ghost_berserking_beasts, serial_bayou_pond_a, uniq_joseph
D:11:     layout_cave_pools, uniq_maurice
D:12:     layout_basic, hiddenorc2_lemuel
Temple:   eino_narrow_crystal_temple
Orc:1:    layout_caves, serial_shops, nicolae_shop_bloodbath_and_beyond, shop,
          shop, nicolae_shop_stone, uniq_erolcha, uniq_sonja, uniq_erica
Orc:2:    grunt_orc_tribal_feast, layout_caves, serial_shops,
          nicolae_shop_advertising_works [nicolae_subvault_shop_adworks],
          nicolae_lakefront_shop, gammafunk_ghost_smash, uniq_urug,
          uniq_saint_roka, uniq_donald

Skill      XL: |  1  2  3  4  5  6  7  8  9 10 11 12 |
---------------+-------------------------------------+-----
Stealth        | 2 3 4 5 |  5.0
Dodging        | 2 3 4 5 6 7 8 |  8.9
Fighting       | 1 2 3 4 6 7 8 9 |  9.4
Ice Magic      | 4 5 6 7 8 9 |  9.4
Spellcasting   | 3 4 5 6 7 8 |  8.9
Conjurations   | 2 3 5 6 7 8 |  8.8
Air Magic      | 1 3 4 5 |  5.0

Action                   |  1- 3 |  4- 6 |  7- 9 | 10-12 || total
-------------------------+-------+-------+-------+-------++-------
Melee: Unarmed           |    19 |       |       |       ||    19
       Punch             |     1 |     1 |     4 |     6 ||    12
       Short sword       |    55 |    26 |       |       ||    81
       Dagger            |       |    97 |   193 |   293 ||   583
       Tailslap          |       |     8 |    38 |    54 ||   100
       Long sword        |       |       |    24 |       ||    24
       Executioner's axe |       |       |       |    40 ||    40
Throw: Dart              |       |       |    33 |     6 ||    39
 Cast: Freeze            |    34 |    13 |       |     8 ||    55
       Frozen Ramparts   |       |     1 |    20 |    42 ||    63
       Ozocubu's Armour  |       |     1 |    22 |    38 ||    61
       Freezing Cloud    |       |       |       |    35 ||    35
       Hailstorm         |       |       |       |    13 ||    13
Evoke: Lightning rod     |       |       |       |     7 ||     7
       Wand              |       |       |       |     5 ||     5
       Piece from Xom's  |       |       |       |     4 ||     4
  Use: Potion            |       |     1 |     4 |       ||     5
       Scroll            |       |       |    11 |    16 ||    27
 Stab: Sleeping          |     5 |     3 |    10 |    13 ||    31
       Distracted        |     1 |       |     1 |     1 ||     3
       Paralysed         |       |       |       |     1 ||     1
Armor: Leather armour    |    33 |    47 |    44 |   117 ||   241
       Robe              |     1 |       |       |       ||     1
       Skin              |       |    21 |     5 |       ||    26
Dodge: Dodged            |    89 |   103 |   179 |   293 ||   664
Block: Other             |       |    29 |    34 |    66 ||   129
